 Dungeon Crawl Stone Soup version 0.23-b1-58-ge3fafae (webtiles) character file.

Game seed: 6406176006297426037

65 redwoodhats the Sneak (level 3, -2/14 HPs)
             Began as a Felid Air Elementalist on Feb 4, 2019.
             Killed from afar by an orc wizard (9 damage)
             ... with a magic dart
             ... on level 3 of the Dungeon.
             The game lasted 00:16:02 (2176 turns).

redwoodhats the Sneak (Felid Air Elementalist)      Turns: 2176, Time: 00:16:03

Health: -2/14      AC:  1    Str:  4    XL:     3   Next: 94%
Magic:  1/8        EV: 18    Int: 17    God:
Gold:   217        SH:  0    Dex: 16    Spells: 1/7 levels left
                                        Lives:  0   Deaths: 1

rFire    . . .     SeeInvis +     - Unarmed
rCold    . . .     Gourm    .   (shield unavailable)
rNeg     . . .     Faith    .   (armour unavailable)
rPois    .         Spirit   .   (helmet unavailable)
rElec    .         Reflect  .   (cloak unavailable)
rCorr    .         Harm     .   (gloves unavailable)
MR       .....                  (boots unavailable)
Stlth    +++.......             (no amulet)
HPRegen  0.04/turn              (no ring)
MPRegen  0.11/turn              (no ring)

@: very slightly contaminated, quick
A: very small, no armour, no weapons or thrown items, stealth, claws 1, fangs 3,
see invisible, carnivore, speed 1, shaggy fur 1, slow metabolism 1, sharp paws
a: no special abilities


You were on level 3 of the Dungeon.
You were full.

You visited 1 branch of the dungeon, and saw 3 of its levels.

You collected 217 gold pieces.

Inventory:

Hand Weapons
 e - a +0 vampiric short sword
Scrolls
 a - 4 scrolls of identify
 j - a scroll of amnesia
Potions
 d - a potion of heal wounds
Comestibles
 b - 4 rations


   Skills:
 + Level 0.1 Fighting
 + Level 3.2 Dodging
 + Level 3.7 Stealth
 + Level 1.2 Unarmed Combat
 + Level 2.9 Spellcasting
 + Level 1.4 Conjurations
 + Level 0.2 Charms
 + Level 3.4 Air Magic


You had one spell level left.
You knew the following spells:

 Your Spells              Type           Power        Failure   Level  Hunger
a - Shock                 Conj/Air       ##..         6%          1    None
b - Swiftness             Chrm/Air       #.......     13%         2    ##.....
c - Static Discharge      Conj/Air       ##......     19%         3    ###....

Your spell library contained the following spells:

 Spells                   Type           Power        Failure   Level  Hunger
 Airstrike                Air            ##........   41%         4    ####...
 Lightning Bolt           Conj/Air       ##........   87%         5    ######.


Dungeon Overview and Level Annotations

Branches:
Dungeon (3/15)

Altars:


Innate Abilities, Weirdness & Mutations

You cannot wear armour.
You are incapable of wielding weapons or throwing items.
Your paws allow you to move quietly. (Stealth)
You have sharp claws.
You have razor-sharp teeth.
You have supernaturally acute eyesight. (SInv)
You are carnivorous and can eat meat at any time.
You cover ground quickly.
You are covered in fur. (AC +1)
You have a slow metabolism.
Your sharp claws are effective at attacking unaware monsters.


Message History

The orc wizard is heavily wounded.
You no longer feel sluggish.
The orc wizard closely misses you.
You scratch the orc wizard but do no damage.
You bite the orc wizard, but do no damage.
The orc wizard is heavily wounded.
You scratch the orc wizard but do no damage.
The orc wizard is heavily wounded.
The orc wizard closely misses you.
You scratch the orc wizard.
The orc wizard is heavily wounded.
You flicker back into view.
The orc wizard casts a spell.
The orc wizard seems to speed up.
You scratch the orc wizard.
The orc wizard is severely wounded.
The orc wizard points at you and mumbles some strange words.
The magic dart hits you!
Ouch! That really hurt!
You die...

#.># #.#
##.# #.# #.#
##########.#
#.#
#.......##.#
##.#
#.#####.##.#
...#######
#.# #....#
..........
#.# ######
##########
#.# #@#
########o#
#..ooo..o#
#.########
####.#
#....#
#.#### #<#
###


You could see an orc wizard and an orc.

Vanquished Creatures
  Natasha (twice) (D:2)
  2 adders
  An ooze (D:3)
  A worm (D:3)
  A dart slug (D:3)
  2 leopard geckos
  3 orcs (D:3)
  2 ball pythons
  3 bats
  4 goblins
  3 hobgoblins
  A quokka (D:2)
  6 frilled lizards
  10 kobolds
  A rat (D:1)
42 creatures vanquished.

Notes
Turn   | Place    | Note
-------+----------+-------------------------------------------
     0 | D:1      | redwoodhats the Felid Air Elementalist began the quest for
                  | the Orb.
     0 | D:1      | Reached XP level 1. HP: 7/7 MP: 4/4
   380 | D:1      | Reached XP level 2. HP: 10/11 MP: 1/6
   958 | D:1      | Learned a level 2 spell: Swiftness
  1020 | D:2      | Reached skill level 1 in Conjurations
  1134 | D:2      | Noticed Natasha
  1359 | D:2      | Reached XP level 3. HP: 14/14 MP: 2/7
  1551 | D:2      | Killed Natasha
  1551 | D:2      | Reached skill level 1 in Unarmed Combat
  1567 | D:2      | Noticed Natasha
  1580 | D:2      | Killed Natasha
  1580 | D:2      | Reached XP level 4. HP: 12/18 MP: 0/8
  1819 | D:3      | Learned a level 3 spell: Static Discharge
  2063 | D:3      | Slain by an adder
  2064 | D:3      | Reached XP level 3. HP: 0/14 MP: 2/8
  2176 | D:3      | Killed from afar by an orc wizard

Skill      XL: |  1  2  3 |
---------------+----------+-----
Stealth        | 3 |  3.7
Conjurations   | 1 |  1.4
Air Magic      | 3 |  3.4
Dodging        | 3 |  3.2
Unarmed Combat | 1 |  1.2
Fighting       | |  0.1
Spellcasting   | |  2.9
Charms         | |  0.2

Action                   |  1- 3 |  4- 6 || total
-------------------------+-------+-------++-------
Melee: Unarmed           |    68 |    14 ||    82
       Bite              |     8 |     2 ||    10
 Cast: Shock             |    56 |    12 ||    68
       Swiftness         |     5 |     1 ||     6
       Static Discharge  |     1 |     2 ||     3
  Use: Scroll            |     6 |       ||     6
       Potion            |     7 |     1 ||     8
 Stab: Sleeping          |     2 |       ||     2
       Invisible         |     1 |       ||     1
  Eat: Chunk             |     4 |       ||     4
Armor: Skin              |     6 |     1 ||     7
Dodge: Dodged            |    92 |    15 ||   107
